 Dungeon Crawl Stone Soup version 0.26-a0-20-g5f92b90fa0 (webtiles) character file.

Game seed: 14910665244423875235, levelgen mode: deterministic

968 grindst0ne the Covert (level 7, -6/33 HPs)
             Began as a Spriggan Assassin on May 25, 2020.
             Was a Follower of Dithmenos.
             Killed from afar by Duvessa (9 damage)
             ... with a puff of flame
             ... on level 5 of the Dungeon.
             The game lasted 00:12:00 (5206 turns).

grindst0ne the Covert (Spriggan Assassin)           Turns: 5206, Time: 00:12:00

Health: -6/33      AC:  3    Str:  7    XL:     7   Next: 93%
Magic:  8/8        EV: 25    Int: 12    God:    Dithmenos [*.....]
Gold:   242        SH:  0    Dex: 20    Spells: 6/6 levels left

rFire    . . .     SeeInvis +   x - +2 dagger (speed)
rCold    . . .     Gourm    .   (shield restricted)
rNeg     . . .     Faith    .   b - +0 robe
rPois    .         Spirit   .   (helmet restricted)
rElec    .         Reflect  .   c - +0 cloak
rCorr    .         Harm     .   (gloves unavailable)
MR       +....                  (boots unavailable)
Stlth    ++++++....             (no amulet)
HPRegen  0.11/turn              (no ring)
MPRegen  0.11/turn              (no ring)

@: wreathed by umbra, very quick
A: very small, unfitting armour, see invisible, herbivore, speed 3, slow
metabolism 2
a: Renounce Religion


You were on level 5 of the Dungeon.
You worshipped Dithmenos.
Dithmenos was aware of your devotion.
You were not hungry.

You visited 1 branch of the dungeon, and saw 5 of its levels.

You collected 242 gold pieces.

Inventory:

Hand Weapons
 x - a +2 dagger of speed (weapon)
Missiles
 d - 6 poisoned darts (quivered)
Armour
 b - a +0 robe (worn)
 c - a +0 cloak (worn)
Wands
 t - a wand of enslavement (8)
 v - a wand of clouds (1)
Scrolls
 h - a scroll of random uselessness {unknown}
 l - a scroll of enchant armour {unknown}
 n - a scroll of fear {unknown}
 p - a scroll of fog {unknown}
 q - a scroll of enchant weapon {unknown}
 s - 2 scrolls of teleportation
Potions
 g - a potion of stabbing
 j - a potion of cancellation
 k - a potion of magic {unknown}
 m - a potion of flight {unknown}
 r - 2 potions of curing
 u - a potion of might
Comestibles
 f - 11 rations


   Skills:
 - Level 1.5 Fighting
 - Level 4.0 Short Blades
 - Level 2.0 Throwing
 + Level 8.8 Dodging
 + Level 10.9 Stealth


You had 6 spell levels left.
You didn't know any spells.
Your spell library contained the following spells:

 Spells                   Type           Power        Failure   Level  Hunger
 Magic Dart               Conj           #...         32%         1    ##.....


Dungeon Overview and Level Annotations

Branches:
Dungeon (5/15)             Temple (0/1) D:5

Altars:
Ashenzari
Cheibriados
Dithmenos
Kikubaaqudgha
Sif Muna
Vehumet
Xom

Shops:
D:4 }([[

Annotations:
D:2 exclusion: 2 downstairs
D:4 exclusion: downstairs
D:5 Dowan, Duvessa


Innate Abilities, Weirdness & Mutations

You are very small and have problems with some larger weapons.
You are too small for most types of armour.
You have supernaturally acute eyesight. (SInv)
You are a herbivore.
You cover ground extremely quickly.
You need to consume almost no food.


Message History

The orc priest looks encouraged for a moment.
A jackal comes into view.
The orc priest invokes the aid of Beogh against you.
Beogh smites you!
Throwing (i - inventory)
d - 8 poisoned darts (quivered)
Press: ? - help, Shift-Dir - straight line, f/p - orc priest
Aim: an orc priest, wearing a +0 leather armour (lightly wounded, poisoned)
You throw a poisoned dart.
The poisoned dart barely misses the orc priest.
Throwing (i - inventory)
d - 7 poisoned darts (quivered)
Press: ? - help, Shift-Dir - straight line, f/p - orc priest
Aim: an orc priest, wearing a +0 leather armour (lightly wounded, poisoned)
You throw a poisoned dart. The poisoned dart hits the orc priest.
The orc priest looks even sicker.
The orc priest is lightly wounded.
The orc priest invokes the aid of Beogh against you.
Beogh smites you!
* * * LOW HITPOINT WARNING * * *
Duvessa zaps a wand.
The puff of flame hits you!
You die...

##......## ##........##
#.......(..#
#......<...#
#..........# .
#..(......(# ...####
#......≈§§.(..
#......####...o≈§§(≈....
#.@.ee...§≈≈≈≈≈§...
####.....≈§§>≈§§..#
#...o.≈≈≈≈o≈≈.Z#
......((≈§§o≈(...
..........§≈§...
.................
................
.......#...h...


You could see Duvessa, Dowan and 2 orc priests.

Vanquished Creatures
  Sigmund (D:3)
  An ogre (D:4)
  3 centaurs
  A scorpion (D:4)
  A bullfrog zombie (D:5)
  2 hounds (D:4)
  An iguana (D:4)
  5 worker ants (D:4)
  6 adders
  4 gnolls
  2 shadow imps (D:4)
  2 oozes
  6 worms
  2 leopard geckos (D:3)
  7 orcs
  9 bats
  6 goblins
  3 hobgoblins
  5 jackals
  2 quokkas
  9 frilled lizards
  6 kobolds
  4 rats
88 creatures vanquished.

Notes
Turn   | Place    | Note
-------+----------+-------------------------------------------
     0 | D:1      | grindst0ne the Spriggan Assassin began the quest for the
                  | Orb.
     0 | D:1      | Reached XP level 1. HP: 10/10 MP: 2/2
   109 | D:1      | Reached skill level 6 in Stealth
   109 | D:1      | Reached XP level 2. HP: 9/14 MP: 3/3
   634 | D:1      | Reached XP level 3. HP: 18/18 MP: 4/4
   862 | D:2      | Found a shadowy altar of Dithmenos.
   901 | D:2      | Became a worshipper of Dithmenos the Shadowed
  2113 | D:3      | Reached XP level 4. HP: 22/22 MP: 5/5
  2326 | D:3      | You fall into a shaft and drop 2 floors!
  2326 | D:5      | Entered Level 5 of the Dungeon
  2326 | D:5      | Found a staircase to the Ecumenical Temple.
  2327 | D:5      | Noticed Dowan
  2350 | D:4      | Reached skill level 7 in Stealth
  2642 | D:4      | Found Uczoataw's Gadget Boutique.
  2644 | D:4      | Found Husoukk's Armour Boutique.
  2645 | D:4      | Found Peucaemopn's Antique Armour Boutique.
  2649 | D:4      | Found Husom's Antique Weapon Boutique.
  2682 | D:4      | Reached XP level 5. HP: 8/25 MP: 6/6
  3134 | D:4      | Noticed an ogre
  3142 | D:4      | Reached skill level 5 in Dodging
  3184 | D:4      | Killed an ogre
  3184 | D:4      | Reached skill level 8 in Stealth
  3184 | D:4      | Reached XP level 6. HP: 30/30 MP: 7/7
  3307 | D:3      | Noticed Sigmund
  3380 | D:3      | Killed Sigmund
  3380 | D:3      | Reached * piety under Dithmenos
  3380 | D:3      | Reached skill level 9 in Stealth
  3422 | D:3      | Found a radiant altar of Vehumet.
  3426 | D:3      | Found an ancient bone altar of Kikubaaqudgha.
  3547 | D:3      | Reached XP level 7. HP: 13/33 MP: 8/8
  3921 | D:3      | Found a shimmering blue altar of Sif Muna.
  3926 | D:3      | Identified Vehumet's Incunabulum of Confrontation
  4182 | D:4      | Found a shattered altar of Ashenzari.
  4183 | D:4      | Found a snail-covered altar of Cheibriados.
  4227 | D:4      | Reached skill level 10 in Stealth
  4313 | D:4      | Found a shimmering altar of Xom.
  4887 | D:5      | Noticed Duvessa
  5206 | D:5      | Killed from afar by Duvessa

Illustrated notes

Levels and vault maps discovered:
D:1:      lightli_arrival_quake, layout_basic
D:2:      layout_basic, nicolae_dithmenos_shadow_blocks
D:3:      layout_rooms, grunt_temple_overflow_magic_moments, first_ration,
          uniq_sigmund
D:4:      layout_loops_ring, chequers_temple_overflow_statue_of_worship,
          kennysheep_little_box, minmay_shop_grid_forest, roderic_lattice_a
D:5:      layout_rooms, minmay_temple_entry_mist, uniq_duvessa

Skill      XL: |  1  2  3  4  5  6  7 |
---------------+----------------------+-----
Dodging        | 2 3 4 5 7 8 |  8.8
Stealth        | 6 7 8 9 10 | 10.9
Short Blades   | 3 4 |  4.0
Fighting       | |  1.5
Throwing       | |  2.0

Action                   |  1- 3 |  4- 6 |  7- 9 || total
-------------------------+-------+-------+-------++-------
Melee: Dagger            |   113 |   105 |   119 ||   337
Throw: Dart              |    28 |    45 |    19 ||    92
       Throwing net      |       |     1 |       ||     1
Evoke: Wand              |       |     2 |     1 ||     3
  Use: Potion            |       |     3 |     1 ||     4
       Scroll            |       |       |     5 ||     5
 Stab: Sleeping          |    10 |     1 |     6 ||    17
       Distracted        |     2 |     1 |       ||     3
       Confused          |       |       |     1 ||     1
  Eat: Ration            |       |       |     1 ||     1
Armor: Robe              |    10 |     3 |     5 ||    18
Dodge: Dodged            |    74 |    89 |   104 ||   267

Table legend:
 A = Non-vault XP
 B = Vault XP
 C = Vault XP percentage of total XP
 D = Non-vault monster count
 E = Vault monster count
 F = Vault count percentage of total count
                 A         B        C        D         E       F
            +---------+---------+-------+---------+---------+-------
      Total |    1153 |     231 |  16.7 |      87 |       1 |   1.1
            +---------+---------+-------+---------+---------+-------
        D:1 |      42 |       0 |   0.0 |      18 |       0 |   0.0
        D:2 |      51 |       0 |   0.0 |      21 |       0 |   0.0
        D:3 |     173 |     231 |  57.2 |      19 |       1 |   5.0
        D:4 |     728 |       0 |   0.0 |      26 |       0 |   0.0
        D:5 |     159 |       0 |   0.0 |       3 |       0 |   0.0
            +---------+---------+-------+---------+---------+-------
